 Dungeon Crawl Stone Soup version 0.18-a0-455-gc7d4c65 (console) character file.

32 bli the Magician (level 3, -1/26 HPs)
             Began as a Merfolk Wizard on Dec 1, 2015.
             Slain by a worm (12 damage)
             ... on level 1 of the Dungeon.
             The game lasted 00:07:18 (2134 turns).

bli the Magician (Merfolk Wizard)                   Turns: 2134, Time: 00:07:19

Health: -1/26      AC:  2    Str:  7    XL:     3   Next: 25%
Magic:  1/7        EV: 13    Int: 18    God:
Gold:   129        SH:  0    Dex: 12    Spells: 2 memorised, 4 levels left

rFire  . . .     SeeInvis .     (no weapon)
rCold  . . .     Clarity  .     a - +0 robe
rNeg   . . .     SustAt   .     (no shield)
rPois  .         Gourm    .     b - +0 hat
rElec  .         Spirit   .     (no cloak)
rCorr  .         Dsmss    .     (no gloves)
rMut   .         Stasis   .     (no boots)
MR     .....                    (no amulet)
Stlth  ++........               (no ring)
                                (no ring)

@: very slightly contaminated, not resistant to hostile enchantments, unstealthy
A: change form in water, swift swim
a: no special abilities


You were on level 1 of the Dungeon.
You were hungry.

You visited 1 branch of the dungeon, and saw 2 of its levels.

You collected 129 gold pieces.

Inventory:

Armour
 a - a +0 robe (worn)
 b - a +0 hat (worn)
Jewellery
 f - an uncursed amulet of rage {unknown}
Scrolls
 i - 7 scrolls of identify {unknown}
 j - a scroll of remove curse {unknown}
Potions
 e - a potion of heal wounds
 g - a potion of degeneration {unknown}
 h - a potion of agility {unknown}
Books
 c - a book of Minor Magic

   Spells                             Type                      Level
   a - Magic Dart                     Conjuration                  1
   b - Blink                          Translocation                2
   c - Call Imp                       Summoning                    2
   d - Repel Missiles                 Charms/Air                   2
   e - Slow                           Hexes                        2
   f - Conjure Flame                  Conjuration/Fire             3
   g - Mephitic Cloud                 Conjuration/Poison/Air       3
Comestibles
 d - 2 bread rations
 k - a slice of pizza
 l - a meat ration


   Skills:
 * Level 1.5 Fighting
 + Level 2.9 Dodging
 + Level 2.3 Stealth
 + Level 0.2 Unarmed Combat
 + Level 3.4 Spellcasting
 + Level 1.0 Conjurations
   Level 1.0 Summonings
   Level 0.7 Translocations


You had 4 spell levels left.
You knew the following spells:

 Your Spells              Type           Power        Failure   Level  Hunger
a - Magic Dart            Conj           #...         12%         1    None
c - Mephitic Cloud        Conj/Pois/Air  #.......     43%         3    ###....


Dungeon Overview and Level Annotations

Branches:
Dungeon (2/15)

Altars:


Message History

Aim: a worm (moderately wounded)
The magic dart hits the worm.
The worm is moderately wounded.
You hit the worm.
The worm is heavily wounded.
You barely miss the worm.
The worm is heavily wounded.
The worm bites you!
You hit the worm.
The worm is heavily wounded.
You hit the worm.
The worm is heavily wounded.
The worm barely misses you.
You hit the worm.
The worm is severely wounded.
The worm bites you.
You hit the worm.
The worm is severely wounded.
The worm bites you!
You die...

#................#.#.#.#..
#.#.#...#..........#.#.#.#
#.#.#...#.########.#.#.#.#
#.#...#.#.# #.#...#.#
#.#####...########........
#...........#.....#...##..
#######..>###.###..#..##.. #.#.#
#.###...#....# #.#.#
#.##.....#..#. #############.#w#
#.##..##..##..
#.............#@###.##..##..##..
#.#############.#..........#..#.
#.# #.#.#.###...#....# #.#
#.#.#......#..##.. #.#
#.#.#####.#...##.. #.#
#.#......#........
#.#############.##########.#####
#...............# #.#
###############.# #.# ### ###


You could see a worm.

Vanquished Creatures
  An adder (D:2)
  A giant gecko (D:1)
  5 bats
  2 hobgoblins (D:1)
  3 giant newts
  5 goblins
  5 kobolds
  A rat (D:1)
23 creatures vanquished.

Notes
Turn   | Place    | Note
--------------------------------------------------------------
     0 | D:1      | bli the Merfolk Wizard began the quest for the Orb.
     0 | D:1      | Reached XP level 1. HP: 13/13 MP: 4/4
   761 | D:1      | Reached XP level 2. HP: 20/20 MP: 4/6
   786 | D:1      | Reached skill level 1 in Fighting
  1365 | D:2      | Reached XP level 3. HP: 16/26 MP: 0/7
  1501 | D:2      | Reached skill level 1 in Conjurations
  1586 | D:2      | Learned a level 3 spell: Mephitic Cloud
  1814 | D:1      | HP: 1/26 [worm (6)]
  2134 | D:1      | Slain by a worm

Vault maps used:
D:1:      lightli_arrival_flooded_house, serial_curves, eino_curves_04,
          eino_curves_03, minivault_26
D:2:      serial_glass, glass_columns_b, glass_columns_a, feat_on_display,
          feat_on_display, due_unseen_surprise, tgw_fedhas

Action                   || total
-------------------------++-------
Melee: Unarmed           ||    64
 Cast: Magic Dart        ||    86
  Use: Potion            ||     1
  Eat: Chunk             ||     3
